 Dungeon Crawl Stone Soup version 0.18.1-50-g88ac8fd (webtiles) character file.

9494 Ladykiller69 the Cleaver (level 11, -2/78 HPs)
             Began as a Formicid Fighter on Sept 20, 2016.
             Was the Champion of Cheibriados.
             Slain by an orc knight
             ... wielding a +0 dire flail
              (17 damage)
             ... on level 11 of the Dungeon.
             The game lasted 00:21:46 (9499 turns).

Ladykiller69 the Cleaver (Formicid Fighter)         Turns: 9499, Time: 00:21:47

Health: -2/78      AC: 12    Str: 39    XL:     11   Next: 75%
Magic:  12/12      EV: 11    Int: 23    God:    Cheibriados [******]
Gold:   1077       SH: 15    Dex: 25    Spells: 0 memorised, 10 levels left

rFire  + . .     SeeInvis +     a - +0 war axe
rCold  + . .     Gourm    .     U - +0 scale mail {rC+}
rNeg   . . .     Faith    .     c - +0 shield
rPois  .         Spirit   .     (helmet unavailable)
rElec  .         Dismiss  .     (no cloak)
rCorr  .         Reflect  .     E - +3 pair of gauntlets of War {Slay+5}
SustAt .         Harm     .     x - +0 pair of boots
MR     +....                    (no amulet)
Stlth  ++........               K - ring of stealth
                                l - ring of protection from fire

@: very slow, somewhat resistant to hostile enchantments, unstealthy
A: permanent stasis, dig shafts and tunnels, four strong arms, antennae 3
a: Dig, Shaft Self, Bend Time, Temporal Distortion, Slouch, Step From Time,
Renounce Religion


You were on level 11 of the Dungeon.
You worshipped Cheibriados.
Cheibriados was exalted by your worship.
You were not hungry.

You visited 2 branches of the dungeon, and saw 12 of its levels.

You collected 1099 gold pieces.
You spent 22 gold pieces at shops.

Inventory:

Hand Weapons
 a - a +0 war axe (weapon)
Missiles
 v - 10 tomahawks (quivered)
Armour
 c - a +0 shield (worn)
 x - a +0 pair of boots (worn)
 E - the +3 pair of gauntlets of War (worn) {Slay+5}
   (You found it on level 5 of the Dungeon)

   It affects your accuracy and damage with ranged weapons and melee attacks
   (+5).
 U - a +0 scale mail of cold resistance (worn)
Rods
 O - a +1 lightning rod (12/12)
   (You found it on level 8 of the Dungeon)
Jewellery
 l - a ring of protection from fire (left hand)
 K - a ring of stealth (right hand)
 P - an uncursed ring of magical power {unknown}
 W - a +5 ring of protection {unknown}
 Y - an uncursed ring of magical power {unknown}
Wands
 b - a wand of iceblast (11/15)
 C - a wand of confusion (30/48)
 F - a wand of paralysis (1/24)
 I - a wand of confusion (32/48)
 J - a wand of iceblast (9/15)
 R - a wand of flame (34/48)
 S - a wand of enslavement (14/24)
 X - a wand of polymorph (6/24)
Scrolls
 h - 10 scrolls of identify {unknown}
 k - 2 scrolls of amnesia {unknown}
 n - 5 scrolls of remove curse {unknown}
 p - 2 scrolls of noise {unknown}
 q - 2 scrolls of enchant weapon {unknown}
 r - 3 scrolls of fear {unknown}
 u - a scroll of immolation {unknown}
 w - 2 scrolls of teleportation {unknown}
 y - 2 scrolls of enchant armour {unknown}
 H - 2 scrolls of blinking {unknown}
 L - a scroll of vulnerability {unknown}
 M - a scroll of recharging {unknown}
 Q - a scroll of random uselessness {unknown}
 V - a scroll of holy word {unknown}
Potions
 d - 4 potions of might
 e - a potion of lignification {unknown}
 i - a potion of mutation {unknown}
 j - a potion of flight {unknown}
 m - 3 potions of degeneration {unknown}
 s - a potion of invisibility {unknown}
 t - a potion of cancellation {unknown}
 A - 2 potions of curing {unknown}
 B - a potion of resistance {unknown}
 D - 2 potions of berserk rage {unknown}
 G - 3 potions of ambrosia {unknown}
 N - a potion of haste {unknown}
Books
 z - a book of Geomancy

   Spells                             Type                      Level
   a - Sandblast                      Earth                        1
   b - Passwall                       Transmutation/Earth          2
   c - Stone Arrow                    Conjuration/Earth            3
   d - Petrify                        Transmutation/Earth          4
   e - Lee's Rapid Deconstruction     Earth                        5
 T - a book of the Warp

   Spells                             Type                      Level
   a - Recall                         Summoning/Translocation      3
   b - Gell's Gravitas                Hexes/Translocation          3
   c - Force Lance                    Conjuration/Translocation    4
   d - Warp Weapon                    Charms/Translocation         5
   e - Summon Forest                  Summoning/Translocation      5
Comestibles
 f - 11 bread rations
 g - 4 fruits
 o - 6 meat rations
 Z - 5 chunks of flesh


   Skills:
 + Level 4.4 Fighting
 * Level 14.9 Axes
 + Level 4.5 Armour
 + Level 1.3 Dodging
 - Level 9.0 Shields
 + Level 2.2 Invocations


You had 10 spell levels left.
You didn't know any spells.

Dungeon Overview and Level Annotations

Branches:
Dungeon (11/15)            Temple (1/1) D:5             Orc (0/2) D:11
   Lair: D:8-11

Altars:
Ashenzari
Cheibriados
Dithmenos
Elyvilon
Fedhas
Gozag
Kikubaaqudgha
Okawaru
Pakellas
Ru
Sif Muna
Trog
Vehumet
Xom
Yredelemnul
Zin
The Shining One

Shops:
D:4 =   D:6 [


Innate Abilities, Weirdness & Mutations

You are under a permanent stasis effect.
You can dig through walls and to a lower floor.
Your four strong arms can wield two-handed weapons with a shield.
You have a pair of large antennae on your head (SInv).


Message History

The orc knight closely misses you.
You hit the orc knight.
The orc knight is lightly wounded.
You slice the orc knight!!
The orc knight is heavily wounded.
You hear a shout! x2
The orc knight roars a battlecry!
The orc knight hits you with a dire flail!!
* * * LOW HITPOINT WARNING * * *
You closely miss the orc knight.
The orc knight is heavily wounded.
The orc knight barely misses you.
Drink which item? (? for menu, Esc to quit)
Okay, then.
You slash the orc knight!
The orc knight is severely wounded.
You slash the orc knight!
The orc knight is almost dead.
The orc knight hits you with a dire flail!
You die...

#.#.#.#.#.#.#.#.#.#.#.#.#.#.
#?#.#.#.#.#.#.#.#.#.#.#.#.#
#.#.#.#.#.#.#.#.#.#.#.#.#.
#.#.#.#.#.#.#.#.#.#>#.#.#
#.#.#.#.#.#.#.#.#.#.#.#.
#.#.#.#.#†#.#.#.#.#.#.#
#)#.#.#.#.#.#.#.#.#.#.
#...#{#o#.#)#.#.#.#.#.#.#
.....o#'#{#@#.#†#.#.#.#.#.#.
....o...{{###.#.##.#..#####
.....{....' #.#.# .#..#
.....{.o..#.#.#.# # ##
.......x..#.#.#.#
..>.....o.# #.#.# #.#
.........# #.#.# #.#
........# #.#.# #.# #.##.#.#


You could see an orc knight.

Vanquished Creatures
  A yaktaur captain (D:8)
  An unseen horror (D:8)
  Grinder (D:4)
  2 trolls (D:11)
  2 polar bears (D:10)
  A two-headed ogre (D:8)
  A spriggan (D:9)
  A shadow (D:8)
  A wyvern (D:8)
  6 yaks
  A hippogriff (D:7)
  2 hungry ghosts
  A water moccasin (D:8)
  Duvessa (D:6)
  A necrophage (D:7)
  2 orc warriors (D:11)
  A black bear (D:9)
  A sky beast (D:9)
  5 ice beasts
  3 phantoms
  A wolf (D:10)
  6 ogres
  3 centaurs
  2 crocodiles
  A big kobold (D:9)
  5 giant frogs
  Dowan (D:6)
  6 scorpions
  3 killer bees (D:11)
  6 howler monkeys
  A wight (D:8)
  An electric eel (D:10)
  5 crimson imps
  5 hounds
  A wasp zombie (D:7)
  6 orc priests
  2 giant frog skeletons (D:9)
  5 jellies
  An iguana (D:8)
  8 orc wizards
  10 worker ants
  A killer bee zombie (D:6)
  2 hound zombies
  2 hound skeletons
  Robin (D:2)
  10 adders
  13 gnolls
  12 river rats (D:9)
  3 shadow imps
  4 white imps (D:10)
  2 worker ant simulacra (D:10)
  3 worms
  A dart slug (D:3)
  7 giant geckos
  24 orcs
  5 giant cockroaches
  17 goblins
  4 hobgoblins
  13 jackals
  15 kobolds
  A ball python (D:6)
  3 bats
  A giant cockroach zombie (D:6)
  A giant gecko skeleton (D:6)
  5 giant newts
  A quokka skeleton (D:4)
  A quokka zombie (D:5)
  12 rats
278 creatures vanquished.

Vanquished Creatures (others)
  A hobgoblin (D:2)
  A giant newt (D:2)
2 creatures vanquished.

Grand Total: 280 creatures vanquished

Notes
Turn   | Place    | Note
--------------------------------------------------------------
     0 | D:1      | Ladykiller69 the Formicid Fighter began the quest for the Orb.
     0 | D:1      | Reached XP level 1. HP: 18/18 MP: 1/1
     2 | D:1      | Noticed a ghoul
     2 | D:1      | Noticed an elf
     4 | D:1      | Noticed a tengu
     6 | D:1      | Noticed a demonspawn
     6 | D:1      | Noticed a centaur
     9 | D:1      | Noticed a vampire
     9 | D:1      | Noticed an ogre
    11 | D:1      | Noticed a minotaur
    11 | D:1      | Noticed an octopode
    13 | D:1      | Noticed a gargoyle
    13 | D:1      | Noticed a human
    15 | D:1      | Noticed a draconian
    17 | D:1      | Noticed a vine stalker
    17 | D:1      | Noticed a demigod
    19 | D:1      | Noticed a halfling
    19 | D:1      | Noticed a spriggan
    21 | D:1      | Noticed a troll
    21 | D:1      | Noticed a formicid
    23 | D:1      | Noticed a naga
    25 | D:1      | Noticed a merfolk
    27 | D:1      | Noticed a felid
    27 | D:1      | Noticed a dwarf
    72 | D:1      | Reached XP level 2. HP: 23/24 MP: 2/2
   145 | D:1      | Found an iron altar of Okawaru.
   482 | D:2      | Noticed Robin
   485 | D:2      | Reached XP level 3. HP: 25/29 MP: 3/3
   537 | D:2      | Killed Robin
   537 | D:2      | Reached skill level 3 in Axes
   578 | D:2      | Found a shadowy altar of Dithmenos.
   615 | D:2      | Reached XP level 4. HP: 29/35 MP: 4/4
   962 | D:2      | Found a radiant altar of Vehumet.
  1082 | D:2      | Found a blossoming altar of Fedhas.
  1083 | D:2      | Found a basalt altar of Yredelemnul.
  1515 | D:3      | Reached XP level 5. HP: 42/42 MP: 5/5
  2078 | D:4      | Found Icsyamn's Jewellery Shoppe.
  2083 | D:4      | Bought a cursed amulet of inaccuracy for 22 gold pieces
  2215 | D:4      | Noticed Grinder
  2288 | D:4      | Noticed an ogre
  2325 | D:3      | Reached XP level 6. HP: 39/48 MP: 6/6
  2347 | D:3      | Reached skill level 5 in Shields
  2403 | D:4      | Reached skill level 4 in Axes
  2707 | D:4      | Killed Grinder
  2707 | D:4      | Reached skill level 5 in Axes
  2707 | D:4      | Reached XP level 7. HP: 10/54 MP: 7/7
  3337 | D:4      | Reached skill level 6 in Axes
  3354 | D:5      | Entered Level 5 of the Dungeon
  3558 | D:5      | Found a shattered altar of Ashenzari.
  3836 | D:5      | Found a staircase to the Ecumenical Temple.
  3894 | Temple   | Entered the Ecumenical Temple
  3912 | Temple   | Became a worshipper of Cheibriados the Contemplative
  4157 | D:5      | Reached XP level 8. HP: 57/60 MP: 8/8
  4250 | D:5      | Found a shimmering altar of Xom.
  4250 | D:5      | Found a shimmering altar of Xom.
  4250 | D:5      | Found a shimmering altar of Xom.
  4349 | D:5      | Found a shimmering altar of Xom.
  4364 | D:5      | Found a shimmering altar of Xom.
  4704 | D:6      | Reached skill level 7 in Axes
  4974 | D:6      | Found Cucam's Armour Emporium.
  5045 | D:6      | Reached * piety under Cheibriados
  5238 | D:6      | Noticed Duvessa
  5238 | D:6      | Noticed Dowan
  5248 | D:6      | Killed Duvessa
  5254 | D:6      | Killed Dowan
  5430 | D:6      | Reached skill level 8 in Axes
  5560 | D:7      | Found a sacrificial altar of Ru.
  5578 | D:7      | Reached XP level 9. HP: 65/65 MP: 9/9
  5618 | D:7      | Found an oddly glowing altar of Pakellas.
  5740 | D:7      | Reached ** piety under Cheibriados
  5740 | D:7      | Reached skill level 9 in Axes
  6093 | D:7      | Reached *** piety under Cheibriados
  6093 | D:7      | Reached skill level 10 in Axes
  7219 | D:8      | Reached XP level 10. HP: 71/71 MP: 10/10
  7228 | D:8      | Reached skill level 11 in Axes
  7253 | D:8      | Noticed an unseen horror
  7258 | D:8      | Noticed a yaktaur captain
  7271 | D:8      | Killed an unseen horror
  7271 | D:8      | Reached skill level 12 in Axes
  7366 | D:8      | Reached **** piety under Cheibriados
  7515 | D:8      | Killed a yaktaur captain
  7515 | D:8      | Reached skill level 13 in Axes
  7688 | D:9      | Reached XP level 11. HP: 77/77 MP: 11/11
  7838 | D:9      | Reached ***** piety under Cheibriados
  8097 | D:10     | Entered Level 10 of the Dungeon
  8237 | D:10     | Reached skill level 14 in Axes
  9344 | D:11     | Reached ****** piety under Cheibriados
  9381 | D:11     | Reached skill level 1 in Invocations
  9389 | D:11     | Reached skill level 1 in Dodging
  9485 | D:11     | Found a staircase to the Orcish Mines.
  9485 | D:11     | Noticed an orc knight
  9486 | D:11     | Noticed an unseen horror
  9499 | D:11     | Slain by an orc knight

Skill      XL: |  1  2  3  4  5  6  7  8  9 10 11 |
---------------+----------------------------------+-----
Axes           | 3 5 6 8 10 13 14 | 14.9
Shields        | 4 5 6 7 9 |  9.0
Fighting       | 4 |  4.4
Armour         | 4 |  4.5
Invocations    | 2 |  2.2
Dodging        | 1 |  1.3

Action                   |  1- 3 |  4- 6 |  7- 9 | 10-12 || total
-------------------------+-------+-------+-------+-------++-------
Melee: War axe           |    88 |   206 |   299 |   351 ||   944
Throw: Tomahawk          |       |       |     3 |     9 ||    12
 Abil: Dig               |     1 |     6 |     9 |     5 ||    21
  Use: Potion            |       |     1 |       |       ||     1
 Stab: Invisible         |       |       |     1 |       ||     1
       Sleeping          |       |       |     1 |     3 ||     4
       Distracted        |       |       |       |     1 ||     1
  Eat: Chunk             |       |     6 |    11 |     8 ||    25
       Fruit             |       |       |     2 |       ||     2
       Beef jerky        |       |       |       |     1 ||     1
Armor: Scale mail        |    33 |    65 |    90 |    64 ||   252
Dodge: Dodged            |    32 |    54 |    84 |    88 ||   258
Block: Shield            |    41 |    94 |   183 |   185 ||   503
